Map: Rosebud LE

Players

JuliFish

  • Race: Zerg Zerg
  • League: Diamond
  • Spawn Location: 5:00

LauchP

  • Race: Protoss Protoss
  • League: Gold
  • Spawn Location: 5:00

adidell

  • Race: Protoss Protoss
  • Spawn Location: 5:00

Wlodziu - Winner!

  • Race: Zerg Zerg
  • Spawn Location: 11:00

Iceberg - Winner!

  • Race: Protoss Protoss
  • Spawn Location: 11:00

Leon - Winner!

  • Race: Zerg Zerg
  • League: Gold
  • Spawn Location: 11:00

VOD

Have the link to the VOD?

Description

Time

  • Played on: March 21, 2026, 3:26 p.m.
  • Length: 11:06
Show
View Real Time Build Order
Export as new Build Order

JuliFish Zerg 

Build Orders: Hatch First 

Get SALT Encoding   

  12  0:00  Drone  
  13  0:13  Drone  
  14  0:20  Overlord  
  14  0:40  Hatchery  
  13  0:45  Drone  
  13  0:48  Drone  
  15  0:51  Drone  
  16  1:00  Drone  
  17  1:07  Drone  
  17  1:09  Extractor  
  17  1:25  Spawning Pool  
  16  1:33  Drone x2  
  18  1:41  Drone  
  19  2:12  Queen  
  19  2:13  Queen  
  19  2:14  Metabolic Boost  
  19  2:15  Zergling x4  
  25  2:17  Zergling x6  
  28  2:24  Overlord  
  28  2:40  Overlord  
  28  2:45  Drone  
  28  2:46  Drone x2  
  31  2:58  Drone x2  
  31  2:59  Drone  
  34  3:25  Drone x5  
  38  3:35  Hatchery  
  38  3:38  Roach Warren  
  38  3:39  Evolution Chamber  
  35  3:45  Extractor  
  34  3:54  Queen  
  34  3:55  Queen  
  37  4:04  Drone x5  
  42  4:10  Drone x2  
  42  4:12  Overlord  
  44  4:18  Zerg Missile Weapons Level 1  
  44  4:25  Overlord  
  44  4:47  Roach x7  
  44  4:48  Roach  
  60  5:05  Drone x2  
  60  5:06  Drone  
  63  5:09  Lair  
  63  5:12  Evolution Chamber  
  62  5:42  Drone x4  
  66  5:43  Overlord  
  66  5:44  Overlord  
  66  5:46  Overlord  
  66  5:49  Pneumatized Carapace  
  66  5:53  Extractor  
  66  5:54  Extractor  
  64  5:58  Roach  
  64  6:01  Overlord x3  
  66  6:07  Hatchery  
  66  6:10  Spore Crawler  
  64  6:11  Spore Crawler  
  64  6:14  Spore Crawler  
  64  6:16  Zerg Missile Weapons Level 2  
  64  6:17  Zerg Ground Armor Level 1, Infestation Pit  
  61  6:43  Glial Reconstitution  
  61  6:46  Drone x4  
  65  6:51  Roach  
  65  6:52  Roach x6  
  79  7:01  Drone x4  
  83  7:03  Drone x2  
  85  7:15  Drone, Queen  
  88  7:35  Drone x2  
  90  7:38  Extractor  
  90  7:41  Extractor  
  88  7:48  Roach x4  
  88  7:49  Roach x4  
  104  8:02  Overlord  
  104  8:03  Overlord x2  
  104  8:04  Overlord  
  104  8:05  Overlord  
  104  8:06  Overlord  
  98  8:44  Roach x15  
  98  8:45  Roach x2  
  90  9:05  Roach  
  90  9:06  Roach x7  
  102  9:20  Hive  
  92  9:27  Roach  
  92  9:28  Roach x5  
  76  9:59  Drone  
  80  10:00  Drone x4  
  80  10:04  Drone  
  80  10:06  Drone x6  
  78  10:45  Zergling x4  
  78  10:47  Overlord x4  
Show
View Real Time Build Order
Export as new Build Order

LauchP Protoss 

Build Orders:  

Get SALT Encoding   

  12  0:00  Probe  
  13  0:15  Probe  
  13  0:19  Pylon  
  14  0:26  Probe  
  15  0:34  Probe  
  15  0:39  Gateway  
  15  0:42  Probe  
  17  0:54  Probe  
  18  1:01  Assimilator  
  18  1:06  Probe  
  18  1:09  Pylon  
  19  1:18  Probe  
  20  1:33  Probe, Cybernetics Core  
  21  1:47  Nexus  
  21  1:52  Probe  
  22  1:59  Assimilator  
  22  2:04  Probe  
  23  2:09  Warp Gate  
  23  2:11  Stalker  
  25  2:16  Probe  
  26  2:28  Probe  
  27  2:34  Pylon  
  27  2:40  Probe  
  28  2:46  Gateway  
  28  2:51  Robotics Facility  
  28  2:53  Probe  
  29  3:01  Probe  
  30  3:12  Shield Battery  
  30  3:14  Stalker  
  30  3:15  Probe  
  30  3:16  Probe  
  34  3:32  Probe  
  34  3:33  Probe  
  36  3:41  Assimilator  
  36  3:44  Probe, Assimilator  
  36  3:45  Probe  
  38  3:56  Probe  
  38  3:59  Stalker x2  
  43  4:04  Pylon  
  43  4:05  Pylon  
  43  4:21  Nexus  
  43  4:24  Pylon  
  43  4:27  Probe  
  43  4:28  Probe  
  45  4:33  Stalker  
  45  4:34  Stalker  
  49  4:40  Pylon  
  49  4:43  Probe  
  49  4:44  Probe  
  51  4:56  Probe  
  52  5:04  Gateway  
  52  5:08  Gateway  
  52  5:12  Probe x2  
  54  5:20  Robotics Bay  
  54  5:22  Stalker x2  
  54  5:24  Probe  
  59  5:31  Forge  
  59  5:34  Forge  
  59  5:37  Probe x2  
  59  5:38  Probe  
  62  5:49  Probe  
  64  5:50  Probe x2  
  65  5:59  Shield Battery  
  65  6:00  Stalker x3  
  65  6:02  Shield Battery  
  71  6:23  Pylon  
  71  6:24  Colossus  
  71  6:26  Stalker x2  
  71  6:27  Stalker x2  
  85  6:41  Probe x2  
  85  6:45  Pylon  
  87  6:52  Shield Battery  
  87  6:54  Shield Battery  
  87  6:59  Assimilator  
  87  7:01  Assimilator  
  87  7:02  Stalker x3  
  93  7:17  Twilight Council  
  93  7:18  Protoss Shields Level 1, Protoss Ground Weapons Level 1  
  93  7:31  Shield Battery  
  93  7:42  Colossus  
  99  7:46  Probe x2  
  101  7:55  Pylon  
  101  7:57  Pylon  
  101  8:06  Pylon  
  101  8:11  Pylon  
  101  8:13  Probe x3  
  82  8:49  Stalker x4  
  56  9:28  Gateway  
  56  9:31  Gateway  
  53  9:32  Gateway  
  53  9:33  Pylon  
  53  9:34  Stalker x2  
  46  9:59  Stalker x3  
  35  10:35  Stalker x2  
  23  10:47  Stalker x2  
  23  10:48  Stalker  
Show
View Real Time Build Order
Export as new Build Order

adidell Protoss 

Build Orders: 1 Gate Expand 

Get SALT Encoding   

  12  0:00  Probe  
  13  0:14  Probe  
  14  0:19  Pylon  
  14  0:26  Probe  
  15  0:36  Probe  
  15  0:37  Gateway  
  16  0:44  Probe  
  17  0:50  Assimilator  
  17  0:54  Probe  
  18  1:06  Probe  
  20  1:18  Probe  
  20  1:29  Nexus  
  20  1:39  Cybernetics Core  
  20  1:43  Probe  
  21  1:49  Assimilator  
  21  1:56  Probe  
  21  1:59  Pylon  
  22  2:05  Stalker  
  22  2:08  Probe  
  23  2:16  Warp Gate  
  23  2:21  Probe  
  26  2:34  Probe, Sentry  
  29  2:50  Probe  
  30  2:53  Probe  
  31  2:59  Stalker  
  31  3:03  Probe  
  34  3:05  Probe  
  35  3:19  Probe x2  
  37  3:29  Gateway  
  37  3:31  Probe x2  
  39  3:43  Probe x2  
  41  3:55  Probe x2  
  43  4:04  Pylon  
  43  4:07  Stalker  
  45  4:11  Probe  
  46  4:20  Twilight Council  
  46  4:22  Probe  
  46  4:23  Pylon x2  
  48  4:24  Probe  
  48  4:29  Assimilator  
  48  4:33  Assimilator  
  48  4:36  Probe x2  
  50  4:46  Blink  
  50  4:49  Stalker x2  
  54  4:58  Probe x2  
  56  5:12  Probe x2  
  58  5:21  Stalker x2  
  62  5:43  Probe  
  62  5:44  Probe  
  62  5:45  Stalker  
  62  5:46  Stalker  
  68  5:54  Nexus  
  68  5:57  Pylon  
  68  5:59  Pylon  
  68  6:03  Probe  
  68  6:04  Probe  
  70  6:20  Pylon  
  70  6:22  Pylon  
  70  6:23  Pylon  
  70  6:25  Gateway  
  70  6:26  Gateway  
  70  6:28  Gateway  
  70  6:29  Forge  
  70  6:30  Gateway  
  70  6:40  Stalker x2  
  74  6:59  Probe x2  
  76  7:27  Protoss Ground Weapons Level 1  
  76  7:29  Charge  
  76  7:34  Stalker x2  
  80  7:41  Stalker x3  
  80  7:42  Stalker  
  88  7:48  Probe  
  88  7:49  Probe x2  
  91  8:01  Probe x3  
  91  8:05  Templar Archives  
  94  8:12  Pylon x2  
  94  8:15  Pylon  
  94  8:16  Pylon  
  94  8:17  Shield Battery  
  94  8:20  Pylon  
  94  8:24  Stalker x5, Pylon  
  94  8:25  Stalker  
  94  8:26  Pylon  
  106  8:29  Pylon  
  106  9:11  Stalker x3  
  106  9:12  Stalker x3  
  66  9:54  Stalker x2  
  66  9:55  Stalker x4  
  68  10:25  Stalker x6  
  58  10:59  Stalker x4  
Show
View Real Time Build Order
Export as new Build Order

Wlodziu Zerg - Winner!

Build Orders: Hatch First, Roach Hydra 

Get SALT Encoding   

  12  0:00  Drone  
  13  0:09  Drone  
  13  0:13  Extractor  
  13  0:16  Drone  
  15  0:30  Overlord  
  15  0:52  Drone x3  
  18  1:04  Drone  
  19  1:05  Hatchery  
  19  1:09  Extractor  
  17  1:16  Spawning Pool  
  16  1:18  Drone  
  17  1:39  Drone x2  
  19  1:46  Overlord  
  19  2:03  Drone  
  19  2:05  Queen  
  22  2:11  Zergling x2  
  23  2:17  Queen  
  23  2:18  Zergling x2  
  23  2:20  Zergling x2  
  27  2:26  Metabolic Boost  
  27  2:36  Drone x2  
  29  2:45  Queen  
  31  3:01  Roach Warren  
  31  3:03  Drone x4  
  34  3:17  Drone  
  34  3:18  Drone  
  36  3:20  Overlord  
  36  3:22  Extractor  
  36  3:25  Extractor  
  34  3:33  Drone x2  
  36  3:38  Spore Crawler  
  36  3:41  Spore Crawler  
  34  3:47  Roach x3  
  40  4:10  Drone  
  40  4:11  Drone x3  
  40  4:12  Overlord  
  40  4:13  Overlord  
  40  4:16  Lair  
  44  4:35  Drone  
  44  4:36  Drone  
  46  4:38  Hatchery  
  45  4:50  Drone  
  45  4:51  Drone x5  
  51  5:05  Evolution Chamber  
  51  5:06  Evolution Chamber  
  49  5:08  Extractor  
  49  5:13  Roach x4  
  56  5:17  Overlord  
  51  5:41  Zerg Missile Weapons Level 1, Zerg Ground Armor Level 1  
  49  5:43  Glial Reconstitution  
  49  5:47  Drone x3  
  52  5:52  Drone x4  
  56  6:05  Roach x4  
  56  6:06  Roach  
  66  6:21  Overlord  
  66  6:22  Overlord x2  
  66  6:35  Overlord x3  
  66  6:39  Queen  
  68  6:53  Roach  
  68  6:54  Roach x6  
  82  7:05  Hydralisk Den  
  79  7:32  Drone  
  79  7:33  Drone x13  
  93  7:45  Zerg Missile Weapons Level 2  
  93  7:46  Zerg Ground Armor Level 2  
  93  7:49  Muscular Augments  
  93  7:51  Overlord x2  
  93  8:17  Hatchery  
  92  8:37  Hydralisk x5  
  92  8:38  Hydralisk x7  
  116  8:53  Grooved Spines  
  114  8:59  Hydralisk  
  114  9:00  Hydralisk x3  
  122  9:12  Extractor x2  
  114  9:42  Hydralisk x7  
  114  9:43  Hydralisk  
  128  9:56  Overlord x4  
  128  10:12  Infestation Pit  
  128  10:13  Queen  
  129  10:38  Hydralisk x4  
  129  10:39  Hydralisk x7  
Show
View Real Time Build Order
Export as new Build Order

Iceberg Protoss - Winner!

Build Orders:  

Get SALT Encoding   

  12  0:00  Probe  
  13  0:12  Probe  
  14  0:18  Pylon  
  14  0:24  Probe  
  15  0:33  Probe  
  15  0:41  Probe  
  17  0:51  Probe  
  18  1:03  Probe  
  19  1:08  Nexus  
  19  1:12  Probe  
  20  1:20  Probe  
  21  1:28  Pylon  
  21  1:33  Probe  
  22  1:45  Probe  
  23  1:53  Nexus  
  23  1:57  Probe  
  24  2:09  Probe, Assimilator  
  24  2:14  Gateway  
  25  2:21  Probe x2  
  26  2:25  Assimilator  
  26  2:29  Probe  
  29  2:37  Probe  
  29  2:39  Probe  
  30  2:47  Probe  
  30  2:49  Probe  
  32  2:55  Probe  
  32  3:01  Probe  
  32  3:02  Cybernetics Core  
  32  3:03  Probe  
  32  3:05  Probe  
  34  3:11  Probe  
  36  3:13  Probe  
  36  3:18  Assimilator  
  36  3:19  Assimilator  
  38  3:20  Probe x2  
  38  3:25  Probe  
  41  3:32  Probe x2  
  43  3:37  Probe  
  44  3:41  Assimilator  
  44  3:43  Stargate  
  44  3:45  Assimilator  
  44  3:47  Stargate  
  44  3:49  Probe x2  
  44  3:51  Probe  
  47  4:01  Probe x2  
  49  4:03  Probe  
  50  4:13  Protoss Air Weapons Level 1, Probe  
  50  4:15  Probe  
  51  4:19  Probe  
  51  4:24  Probe, Void Ray  
  53  4:25  Probe  
  53  4:31  Probe  
  60  4:35  Pylon  
  60  4:37  Pylon  
  60  4:41  Fleet Beacon  
  60  4:44  Pylon  
  60  4:47  Pylon, Probe  
  61  4:53  Probe x2  
  61  4:59  Pylon, Void Ray, Probe  
  68  5:02  Pylon  
  68  5:05  Pylon, Probe x2  
  74  5:10  Void Ray  
  74  5:11  Probe  
  75  5:15  Stargate  
  75  5:17  Probe x2  
  75  5:18  Stargate  
  77  5:28  Cybernetics Core, Forge  
  77  5:30  Flux Vanes, Probe  
  77  5:31  Probe x2  
  85  5:51  Void Ray  
  84  6:03  Nexus  
  84  6:06  Assimilator  
  84  6:08  Assimilator, Void Ray  
  96  6:11  Void Ray x2  
  96  6:24  Void Ray  
  100  6:33  Protoss Shields Level 1  
  100  6:43  Void Ray  
  104  6:48  Void Ray  
  104  6:51  Protoss Air Armor Level 1  
  112  6:54  Void Ray  
  112  6:55  Probe x3  
  115  7:07  Pylon, Probe x2  
  115  7:08  Pylon  
  117  7:11  Pylon  
  117  7:13  Pylon  
  117  7:15  Probe, Pylon  
  122  7:16  Pylon  
  122  7:21  Void Ray  
  130  7:34  Probe x3  
  130  7:35  Void Ray x2  
  137  7:42  Void Ray  
  137  7:46  Probe  
  137  7:50  Stargate  
  138  7:51  Stargate  
  138  7:54  Stargate  
  142  8:04  Void Ray  
  142  8:05  Probe x3  
  149  8:18  Void Ray  
  149  8:21  Twilight Council  
  149  8:31  Protoss Air Weapons Level 2  
  157  8:53  Void Ray x3  
  157  8:54  Void Ray  
  151  9:03  Void Ray  
  147  9:35  Void Ray  
  147  9:39  Void Ray  
  147  10:05  Void Ray x3  
  139  10:08  Nexus  
  143  10:17  Nexus  
  143  10:18  Void Ray x2  
Show
View Real Time Build Order
Export as new Build Order

Leon Zerg - Winner!

Build Orders: Hatch First 

Get SALT Encoding   

  12  0:01  Drone  
  13  0:14  Overlord  
  13  0:18  Drone  
  14  0:34  Drone x2  
  16  0:36  Drone  
  17  0:56  Drone  
  18  0:57  Hatchery  
  17  1:08  Drone, Extractor  
  17  1:15  Spawning Pool  
  16  1:20  Drone  
  16  1:22  Drone  
  18  1:32  Drone  
  19  2:09  Queen x2  
  19  2:10  Zergling x4  
  19  2:14  Overlord  
  19  2:15  Drone  
  26  2:34  Drone x2  
  26  2:35  Drone x2  
  30  2:51  Lair  
  30  2:52  Extractor  
  30  2:56  Drone x4  
  30  2:57  Baneling Nest  
  32  3:03  Zergling x2  
  33  3:13  Drone  
  34  3:25  Overlord  
  34  3:26  Overlord  
  34  3:36  Spore Crawler  
  33  3:41  Spore Crawler  
  32  3:51  Drone  
  32  3:52  Drone x6  
  39  4:08  Drone  
  39  4:09  Drone x5  
  45  4:11  Spire  
  45  4:12  Extractor  
  45  4:13  Extractor  
  42  4:26  Hatchery  
  41  4:34  Baneling x3  
  41  4:39  Drone x5  
  41  4:41  Drone  
  41  4:43  Drone  
  48  5:10  Overlord  
  48  5:11  Overlord x2  
  48  5:14  Drone  
  48  5:15  Drone x3  
  52  5:21  Spore Crawler  
  52  5:25  Drone  
  52  5:31  Mutalisk  
  52  5:32  Mutalisk x4  
  62  5:38  Spore Crawler  
  61  5:43  Queen  
  61  5:46  Drone x7  
  70  5:50  Drone  
  70  6:11  Mutalisk  
  70  6:12  Mutalisk x4  
  70  6:16  Zergling x2  
  70  6:17  Zergling x4  
  81  6:38  Overlord x4  
  81  6:41  Pneumatized Carapace  
  81  6:44  Centrifugal Hooks  
  81  6:50  Metabolic Boost  
  81  6:54  Overlord  
  81  6:56  Baneling x2  
  81  6:57  Baneling  
  81  6:58  Baneling x4  
  81  7:02  Zergling x4  
  81  7:03  Zergling x6  
  86  7:17  Evolution Chamber x2  
  86  7:21  Overseer x2  
  84  7:39  Drone x10  
  84  7:40  Drone x8  
  102  7:49  Hatchery  
  102  7:50  Overlord  
  101  7:58  Spire  
  100  7:59  Spire  
  100  8:01  Extractor x2  
  100  8:04  Zerg Missile Weapons Level 1, Zerg Ground Armor Level 1  
  97  8:06  Zergling x10  
  92  8:48  Mutalisk  
  92  8:49  Mutalisk x5  
  100  9:14  Queen  
  102  9:26  Overseer  
  100  9:43  Mutalisk x6  
  110  9:46  Hatchery  
  107  10:09  Extractor  
  106  10:39  Drone x5  
  111  10:44  Spore Crawler  
  111  10:45  Spore Crawler  
Tags
 
Add a new tag
Caveats
  • Supply blocks, unpowered buildings, or Contaminate may cause inaccurate times.
  • Supply counts are checked every 10 seconds.